Unix NetHack Version 5.0.0-0 post-release - last build Jun 10 2026 00:39:30 (3ee93aec679c4c4259841fe613dc97188e26a321,branch:main).

Game began 2026-06-17 22:07:59, ended 2026-06-18 14:59:58.

ARFwashere, chaotic male elven Wizard

                                                        ----------
                                                       #.>.......|
                                                       #|..(.....|
                                                      ##|.`......|
                                                      # ----------
                                                     ##
                                                    ##
                                                   ##
                                                   #
                                      ---------    #   --------------
                                      |...**@)|  ###   |............|
                                      |....f.h.#####   |............|
                                      +.......|  # ####-............|
                                      |........        |.......0<...|
                                      ---------        --------------

ARFwashere the Conjurer   St:10 Dx:10 Co:14 In:16 Wi:12 Ch:15  Chaotic
Dlvl:6  $:168 HP:0(25) Pw:24(24) AC:9  Xp:3 T:2628  Burdened

Latest messages:
 You have a little trouble lifting r - an uncursed food ration (4 in total).
 The kitten bites the dwarf zombie.
 The dwarf zombie hits the kitten.
 The kitten bites the dwarf zombie.
 The dwarf zombie is destroyed!
 You slip and nearly fall.
 You make a lot of noise!
 You hear someone counting gold coins.
 You swap places with your kitten.
 You trip over your own feet.
 You make a lot of noise!
 You fall down the stairs.
 The gnomish wizard casts a spell!
 The gnomish wizard is suddenly moving faster.
 You climb up the stairs.
 You stumble.
 You make a lot of noise!
 You stumble.
 You make a lot of noise!
 A hobbit suddenly appears close by!
 You slip and nearly fall.
 You make a lot of noise!
 The hobbit shoots a gray stone!
 You are hit by a gray stone.
 The hobbit shoots a gray stone!
 A gray stone misses you.
 The hobbit shoots a gray stone!
 The gray stone hits the kitten!
 The kitten picks up a gray stone.
 The kitten misses the hobbit.
 You see here a gray stone.
 You trip over it.
 You make a lot of noise!
 The hobbit shoots a gray stone!
 You are hit by a gray stone!
 What do you want to throw? [$vF or ?*] v
 In what direction? l
 The orcish dagger misses the hobbit.
 What do you want to throw? [$F or ?*] ?
 In what direction? l
 The elven dagger hits the hobbit.
 The hobbit shoots a gray stone!
 You are hit by a gray stone!
 The hobbit swings his sling.
 The hobbit hits!
 The hobbit swings his sling.
 The hobbit hits!
 You die...
 Do you want your possessions identified? [ynq] (y) y
 Do you want to see your attributes? [ynq] (y) q

Inventory:
 Coins    ('$')
  $ - 168 gold pieces
 Weapons  (')')
  a - a blessed +1 quarterstaff (weapon in hands)
 Armor    ('[')
  w - a cursed -3 pair of gauntlets of fumbling (being worn)
  b - an uncursed greased +0 cloak of magic resistance (being worn)
  x - an uncursed +0 leather armor (being worn)
 Comestibles  ('%')
  r - 4 uncursed food rations
 Scrolls  ('?')
  i - a blessed scroll of genocide
  j - an uncursed scroll of genocide
  k - 2 uncursed scrolls of magic mapping
 Spellbooks  ('+')
  m - an uncursed spellbook of confuse monster
  I - an uncursed spellbook of detect food
  l - a blessed spellbook of force bolt
  p - an uncursed spellbook of healing
 Potions  ('!')
  g - 3 uncursed potions of healing
  h - 2 uncursed potions of invisibility
  f - an uncursed potion of levitation
  A - an uncursed potion of speed
 Rings    ('=')
  e - an uncursed +1 ring of increase damage
  d - an uncursed ring of teleportation
 Wands    ('/')
  q - a wand of digging (0:4)
  c - a wand of slow monster (0:6)
  H - a wand of teleportation (0:5)
 Tools    ('(')
  o - an uncursed tooled horn
  u - a can of grease (0:10)
  n - a magic marker (0:20)
  z - an uncursed tin opener

ARFwashere the Wizard's attributes:

Background:
 You were a Conjurer, a level 3 male elven Wizard.
 You were chaotic, on a mission for Anhur
 who was opposed by Ptah (lawful) and Thoth (neutral).
 You were right-handed.
 You were in the Dungeons of Doom, on level 6.
 You entered the dungeon 2628 turns ago.
 You had 61 experience points, 19 more were needed to attain level 4.

Basics:
 You had 0 out of 25 hit points.
 You had all 24 energy points (spell power).
 Your armor class was 9.
 Your wallet contained 168 zorkmids.
 Autopickup was on for '$' plus thrown.

Final Characteristics:
 Your strength was 10 (limit:18).
 Your dexterity was 10 (peak:12, limit:18).
 Your constitution was 14 (limit:16).
 Your intelligence was 16 (limit:20).
 Your wisdom was 12 (limit:20).
 Your charisma was 15 (limit:18).

Final Status:
 You fumbled.
 You weren't hungry.
 You were burdened; movement was slightly slowed.
 You were wielding a quarterstaff.
 You had basic skill with quarterstaff.

Final Attributes:
 You were piously aligned.
 You were magic-protected.
 You had infravision.
 You were warded.
 You are dead.

Miscellaneous:
 You didn't encounter any bones levels.
 Total elapsed playing time was 29 minutes.

Major events:
 Turn
    1: ARFwashere the chaotic male elven Wizard entered the dungeon
 1681: entered the Gnomish Mines
 1889: attained the rank of Conjurer (level 3)
 2628: killed by a hobbit

Spells:
 Name                 Level Category     Fail Retention
 force bolt             1   attack         0%   81%-90%
 confuse monster        1   enchantment    0%   81%-90%
 healing                1   healing        0%  76%-100%

Skills:
 Fighting Skills
   bare handed combat [Unskilled]
   riding             [Unskilled]
 Weapon Skills
   dagger             [Unskilled]
   knife              [Unskilled]
   axe                [Unskilled]
   short sword        [Unskilled]
   club               [Unskilled]
   mace               [Unskilled]
   quarterstaff       [Basic]
   polearms           [Unskilled]
   spear              [Unskilled]
   trident            [Unskilled]
   sling              [Unskilled]
   dart               [Unskilled]
   shuriken           [Unskilled]
 Spellcasting Skills
   attack spells      [Basic]
   healing spells     [Unskilled]
   divination spells  [Unskilled]
   enchantment spells [Basic]
   clerical spells    [Unskilled]
   escape spells      [Unskilled]
   matter spells      [Unskilled]

Voluntary challenges:
 Character rerolling was not enabled.
 You never genocided any monsters.
 You never polymorphed an object.
 You never changed form.
 You used no wishes.
Achievements:
 You entered a shop.
 You entered the Gnomish Mines.
 You attained the rank of Conjurer.

 The Dungeons of Doom: levels 1 to 7
    Level 1:
    Level 2:
       An armor shop.
    Level 3:
    Level 4:
       Stairs down to The Gnomish Mines.
    Level 5:
    Level 6: <- You were here.
       Final resting place for
          you, killed by a hobbit.
    Level 7:
 The Gnomish Mines:
    Level 5:


Vanquished creatures:
  2 homunculi
  a dwarf zombie
 an acid blob
  a hobbit
  a hobgoblin
  a gnome
  2 garter snakes
  2 jackals
  a fox
  a kobold
  a goblin
  a sewer rat
  3 grid bugs
  2 bats
  4 lichens
  a kobold zombie
  a newt
26 creatures vanquished.

No species were genocided or became extinct.

Game over:
                       ----------
                      /          \
                     /    REST    \
                    /      IN      \
                   /     PEACE      \
                  /                  \
                  |    ARFwashere    |
                  |      168 Au      |
                  |   killed by a    |
                  |      hobbit      |
                  |                  |
                  |                  |
                  |       2026       |
                 *|     *  *  *      | *
        _________)/\\_//(\/(/\)/\//\/|_)_______

Goodbye ARFwashere the Wizard...

You died in The Dungeons of Doom on dungeon level 6 with 716 points,
and 168 pieces of gold, after 2628 moves.
You were level 3 with a maximum of 25 hit points when you died.

